cohdb
Replays
Latest Replays
All Replays
Popular Replays
Top Player Replays
Match Explorer
How It Works
Community
CoH3 Stats
Reddit
Sign in to upload your games and track your stats! →
Sign in with Steam
Match 26166895
Unlisted
Match 26166895
Overview
Messages
Build Orders
End
Selects Italian Coastal Battlegroup
Selects Coastal Reserves
Coastal Reserve
Construct Infanterie Kompanie
MG 42 Machine Gun Team
Coastal Reserve
GrW 34 Mortar Team
Medical Bunker
Selects Support Bunkers
Coastal Reserve
MG 42 Machine Gun Team
Construct Panzergrenadier Kompanie
Selects Artillery Officer
Selects Obice da 210/22 Artillery Emplacement
Artillery Officer
ARMY guy
Sarg gX
魔鬼筋肉人
ConcernedApe
0
0
Comments
sign in to comment!
No comments posted yet!